 Dungeon Crawl Stone Soup version 0.31-a0-150-g89dc3ad700 (webtiles) character file.

Game seed: 6670211873534382439

237 qw the Shooter (level 5, -7/46 HPs)
             Began as a Minotaur Hunter on June 8, 2023.
             Was an Initiate of Okawaru.
             Mangled by a gnoll bouda
             ... wielding a +0 whip
              (23 damage)
             ... on level 5 of the Dungeon.
             The game lasted 00:00:50 (3202 turns).

qw the Shooter (Minotaur Hunter)                    Turns: 3202, Time: 00:00:51

Health: -7/46      AC:  4    Str: 15    XL:     5   Next: 77%
Magic:  4/4        EV:  2    Int:  6    God:    Okawaru [......]
Gold:   104        SH:  0    Dex: 16    Spells: 4/4 levels left

rFire   + . .        Y - +1 shortbow (heavy)
rCold   . . .        (shield currently unavailable)
rNeg    . . .        c - +1 leather armour {rF+}
rPois   .            (helmet restricted)
rElec   .            (no cloak)
rCorr   .            (no gloves)
SInv    .            (no boots)
Will    .....        (no amulet)
Stlth   +            (no ring)
HPRegen 0.27/turn    (no ring)
MPRegen 0.09/turn

%: no passive effects
@: sleeping, marked
A: horns 2, retaliatory headbutt
a: Renounce Religion


You were on level 5 of the Dungeon.
You worshipped Okawaru.
Okawaru was noncommittal.
You visited 1 branch of the dungeon, and saw 5 of its levels.

You collected 148 gold pieces.
You spent 44 gold pieces at shops.


Innate Abilities, Weirdness & Mutations

You have a pair of horns on your head.
You reflexively headbutt those who attack you in melee.


   Skills:
 - Level 4.0 Fighting
 + Level 7.1 Ranged Weapons
 - Level 1.0 Armour
 - Level 2.1 Dodging
 - Level 0.7 Stealth


You had 4 spell levels left.
You didn't know any spells.
Your spell library was empty.

Inventory:

Hand Weapons
 Y - a +1 heavy shortbow (weapon)
Armour
 c - a +1 leather armour of fire resistance (worn)
Jewellery
 b - a ring of fire
Scrolls
 a - 4 scrolls of identify
Potions
 d - a potion of heal wounds {unknown}
 f - a potion of magic {unknown}

Dungeon Overview and Level Annotations

Branches:
Dungeon (5/15)
 Temple: D:4-7

Altars:
Fedhas
Nemelex Xobeh
Okawaru
The Shining One

Shops:
D:1 *   D:3 ?   D:4 (

Portals:
Ossuary: D:5

Annotations:
D:3 3 runed translucent doors, qw's ghost, amateur GrFi
D:5 Duvessa


Message History

A sentinel's mark forms upon you.
You hear a shout!
You hear an angry hiss.
You hear a shout! x5
The white imp hits you. The white imp freezes you. The white imp misses you.
You furiously retaliate!
You headbutt the white imp!
You kill the white imp!
Okawaru accepts your kill.
You shoot an arrow. The arrow misses the quokka.
The quokka bites you but does no damage.
The quokka closely misses you. You furiously retaliate!
You headbutt the quokka.
A gnoll bouda comes into view. It is wielding a +0 whip.
You shoot an arrow. The arrow barely misses the quokka.
The quokka misses you.
The quokka bites you but does no damage.
You shoot an arrow. The arrow closely misses the quokka.
The quokka bites you but does no damage. x2
You shoot an arrow. The arrow barely misses the quokka.
The quokka bites you but does no damage.
A sleepcap comes into view.
The quokka bites you.
You shoot an arrow.
The arrow hits the quokka but does no damage.
The quokka is heavily wounded.
The quokka bites you. The quokka barely misses you.
You shoot an arrow. The arrow hits the quokka.
You kill the quokka!
Okawaru accepts your kill.
The gnoll bouda hits you with a +0 whip. x2
You shoot an arrow. The arrow hits the gnoll bouda!
The gnoll bouda is heavily wounded.
The gnoll bouda hits you with a +0 whip.
You shoot an arrow.
The arrow closely misses the gnoll bouda.
Duvessa, Sister of Dowan comes into view.
She is wielding a +4 short sword of flaming.
The gnoll bouda hits you with a +0 whip!
The sleepcap releases spores at you.
You are engulfed in a cloud of soporific spores!
You fall asleep.
The gnoll bouda hits you with a +0 whip!!
Ouch! That really hurt!
You die...

..#.#........#.###.........#####.
#.#.##......##...######.####
.....##.....#......####.#
#.#..###...##........#### #.#..#
##'##..........e. .....#
#.##..........# .....#
#.#.....#.....# ###......g...#
#......@f...# #.#........##
###......# ###...## ###.# ##


You could see Duvessa, a sleepcap and a gnoll bouda.

Vanquished Creatures
  A hound (D:4)
  An orc priest (D:3)
  An iguana (D:5)
  Natasha (D:4)
  2 adders
  A white imp (D:5)
  4 dart slugs
  4 orcs
  5 endoplasms
  10 goblins
  5 hobgoblins
  7 jackals
  3 quokkas
  9 ball pythons
  3 bats
  A frilled lizard (D:1)
  6 kobolds
  A rat (D:1)
65 creatures vanquished.

Vanquished Creatures (others)
  An orc wizard (D:3)
1 creature vanquished.

Grand Total: 66 creatures vanquished

Notes
Turn   | Place    | Note
-------+----------+-------------------------------------------
     0 | D:1      | qw the Minotaur Hunter began the quest for the Orb.
     0 | D:1      | Reached XP level 1. HP: 18/18 MP: 0/0
     0 | D:1      | 0 ||| qw: Version: 0.2-a-119-g0488c42
     0 | D:1      | 0 ||| qw: Game counter: 2707
     0 | D:1      | 0 ||| qw: Always use a shield: true
     0 | D:1      | 0 ||| qw: God list: Okawaru
     0 | D:1      | 0 ||| qw: Allow faded altars: false
     0 | D:1      | 0 ||| qw: Do Orc after D:15 true
     0 | D:1      | 0 ||| qw: Do second Lair branch before Depths: true
     0 | D:1      | 0 ||| qw: Lair rune preference: random
     0 | D:1      | 0 ||| qw: Plans: Normal
     0 | D:1      | 0 ||| PLANNING D:1-11
   241 | D:1      | Reached XP level 2. HP: 25/25 MP: 1/1
   243 | D:1      | Found Feane's General Store.
   253 | D:1      | 253 ||| SHOPLISTING +6 ring of strength (360 gold, have
                  | 19).
   253 | D:1      | 253 ||| SHOPLISTING potion of mutation (80 gold, have 19).
   253 | D:1      | 253 ||| SHOPLISTING scroll of identify (20 gold, have 19).
   263 | D:1      | Reached skill level 5 in Ranged Weapons
   517 | D:1      | Reached skill level 3 in Fighting
   668 | D:1      | 668 ||| UPGRADING to +0 ring mail.
   678 | D:1      | 678 ||| DROPPING +0 leather armour.
   679 | D:1      | 679 ||| READING scroll labelled PUMUTITUT.
   680 | D:1      | 680 ||| READING scroll labelled UMOKHOCEUC.
   681 | D:1      | 681 ||| READING scroll labelled JUR QE INIFIO.
   682 | D:1      | 682 ||| DRINKING 2 dark potions.
   683 | D:1      | 683 ||| DROPPING scroll of butterflies.
   684 | D:1      | 684 ||| DROPPING potion of enlightenment.
   706 | D:2      | Found a faded altar of an unknown god.
   717 | D:2      | Reached skill level 1 in Armour
   764 | D:2      | Reached XP level 3. HP: 31/31 MP: 2/2
   954 | D:2      | HP: 7/31 [poisoned by an adder]
  1291 | D:2      | 1291 ||| READING 2 scrolls labelled VEODUE WIZI.
  1351 | D:3      | HP: 5/31 [orc priest/+0 hand axe (7)]
  1354 | D:3      | Reached skill level 6 in Ranged Weapons
  1354 | D:3      | Reached XP level 4. HP: 7/38 MP: 3/3
  1357 | D:3      | HP: 7/38 [something (1)]
  1713 | D:3      | Noticed qw's ghost (amateur GrFi)
  1737 | D:3      | Found a runed translucent gate.
  1737 | D:3      | Found a runed translucent gate.
  1737 | D:3      | Found a runed translucent gate.
  1903 | D:3      | Found Keacyf's Magic Scroll Emporium.
  1911 | D:3      | 1911 ||| SHOPLISTING 3 scrolls of teleportation (99 gold,
                  | have 80).
  1911 | D:3      | 1911 ||| SHOPLISTING scroll of enchant armour (82 gold,
                  | have 80).
  1911 | D:3      | 1911 ||| BUYING scroll of identify (22 gold).
  1911 | D:3      | Bought a scroll of identify for 22 gold pieces
  1911 | D:3      | 1911 ||| BUYING scroll of identify (22 gold).
  1911 | D:3      | Bought a scroll of identify for 22 gold pieces
  2381 | D:3      | 2381 ||| UPGRADING to +1 leather armour of fire resistance.
  2391 | D:3      | 2391 ||| DROPPING +0 ring mail.
  2392 | D:3      | 2392 ||| READING scroll labelled SUILEN UTHRESA.
  2393 | D:3      | 2393 ||| READING 4 scrolls of identify.
  2393 | D:3      | 2393 ||| IDENTIFYING smoky amethyst potion
  2394 | D:3      | 2394 ||| READING 3 scrolls of identify.
  2394 | D:3      | 2394 ||| IDENTIFYING inky potion
  2395 | D:3      | 2395 ||| DROPPING potion of degeneration.
  2396 | D:3      | 2396 ||| DROPPING potion of ambrosia.
  2496 | D:4      | Found a glowing golden altar of the Shining One.
  2499 | D:4      | Found a blossoming altar of Fedhas.
  2597 | D:4      | Reached XP level 5. HP: 46/46 MP: 4/4
  2739 | D:4      | Found Lounn's Weapon Shop.
  2844 | D:4      | Noticed Natasha
  2853 | D:4      | Killed Natasha
  2900 | D:4      | Found an iron altar of Okawaru.
  2901 | D:4      | 2901 ||| PLANNING OKAWARU WORSHIP
  2901 | D:4      | 2901 ||| READING scroll labelled TIJEOC YCIERY.
  2902 | D:4      | 2902 ||| READING scroll labelled GIUZIS WILAN.
  2908 | D:4      | Became a worshipper of Warmaster Okawaru
  2908 | D:4      | 2908 ||| PLANNING D:1-11
  2934 | D:4      | Found a sparkling altar of Nemelex Xobeh.
  3071 | D:5      | Entered Level 5 of the Dungeon
  3072 | D:5      | 3072 ||| PLANNING OSSUARY
  3077 | D:5      | Reached skill level 7 in Ranged Weapons
  3189 | D:5      | Found a sand-covered staircase.
  3190 | D:5      | 3190 ||| READING scroll labelled WIDGHOY IXKIR.
  3202 | D:5      | Noticed Duvessa
  3202 | D:5      | Mangled by a gnoll bouda

Levels and vault maps discovered:
D:1:      dpeg_arrival_round_a, layout_basic, serial_shops, shop
D:2:      layout_rooms, hellmonk_ecumenical_altar_pennies_from_heaven,
          grunt_ministairs_15
D:3:      layout_loops_corners, gammafunk_ghost_icy, serial_shops,
          nicolae_shop_stone
D:4:      cheibrodos_quashed, layout_loops_cross,
          nicolae_overflow_hidden_temple,
          hellmonk_okawaru_the_only_friend_you_need, serial_shops,
          nicolae_shop_behind_doors, uniq_natasha
D:5:      minmay_skewed_foursquare, layout_loops_corners, enter_ossuary_5,
          kennysheep_generic_room_14, uniq_duvessa

Skill      XL: |  1  2  3  4  5 |
---------------+----------------+-----
Ranged Weapons | 5 6 7 |  7.1
Fighting       | 3 4 |  4.0
Armour         | 1 |  1.0
Dodging        | |  2.1
Stealth        | |  0.7

Action                     |  1- 3 |  4- 6 || total
---------------------------+-------+-------++-------
   Fire: Shortbow          |    77 |    68 ||   145
    Use: Scroll            |     4 |     6 ||    10
         Potion            |     1 |       ||     1
 Armour: Leather armour    |     3 |    21 ||    24
         Ring mail         |    11 |     9 ||    20
  Dodge: Dodged            |    13 |    32 ||    45

Table legend:
 A = Non-vault XP
 B = Vault XP
 C = Vault XP percentage of total XP
 D = Non-vault monster count
 E = Vault monster count
 F = Vault count percentage of total count
                 A         B        C        D         E       F
            +---------+---------+-------+---------+---------+-------
      Total |     287 |      52 |  15.3 |      61 |       5 |   7.6
            +---------+---------+-------+---------+---------+-------
        D:1 |      31 |       0 |   0.0 |      19 |       0 |   0.0
        D:2 |      33 |       4 |  10.8 |      11 |       2 |  15.4
        D:3 |     100 |       0 |   0.0 |      16 |       0 |   0.0
        D:4 |      84 |      35 |  29.4 |      14 |       1 |   6.7
        D:5 |      39 |      13 |  25.0 |       1 |       2 |  66.7
            +---------+---------+-------+---------+---------+-------
